 Dungeon Crawl Stone Soup version 0.24-a0-809-g71cb82dfb8 (webtiles) character file.

Game seed: 244856320531876786, levelgen mode: deterministic

179 Arixos the Skirmisher (level 5, 0/43 HPs)
             Began as a Mummy Monk on Oct 11, 2019.
             Was a Believer of Wu Jian.
             Slain by an ogre
             ... wielding a +0 giant club
              (4 damage)
             ... on level 4 of the Dungeon.
             The game lasted 00:09:55 (1872 turns).

Arixos the Skirmisher (Mummy Monk)                  Turns: 1872, Time: 00:09:55

Health: 0/43       AC: 13    Str: 15    XL:     5   Next: 32%
Magic:  5/5        EV:  4    Int: 10    God:    Wu Jian [**....]
Gold:   100        SH:  4    Dex: 14    Spells: 4/4 levels left

rFire    x . .     SeeInvis .   i - +3 hand axe
rCold    + . .     Gourm    .   a - +0 buckler
rNeg     + + +     Faith    .   e - +0 plate armour
rPois    ∞         Spirit   .   j - +0 helmet
rElec    .         Reflect  .   (no cloak)
rCorr    .         Harm     .   d - +0 pair of gloves
MR       .....                  (no boots)
Stlth    ..........             (no amulet)
HPRegen  0.14/turn              (no ring)
MPRegen  0.09/turn              (no ring)

@: no status effects
A: no food or potions, fire vulnerability, cold resistance 1, negative energy
resistance 3, torment resistance, unbreathing
a: Wall Jump, Renounce Religion


You were on level 4 of the Dungeon.
You worshipped Wu Jian.
Wu Jian was pleased with you.
You were not hungry.

You visited 1 branch of the dungeon, and saw 4 of its levels.

You collected 100 gold pieces.

Inventory:

Hand Weapons
 i - a +3 hand axe (weapon)
Armour
 a - a +0 buckler (worn)
 d - a +0 pair of gloves (worn)
 e - a +0 plate armour (worn)
 j - a +0 helmet (worn)
Jewellery
 h - an uncursed ring of protection from fire {unknown}
Scrolls
 b - 2 scrolls of immolation {unknown}
 c - 2 scrolls of remove curse {unknown}
 f - a scroll of blinking {unknown}
 g - 2 scrolls of identify {unknown}
 k - a scroll of teleportation {unknown}


   Skills:
 + Level 4.3 Fighting
   Level 2.4 Polearms
 + Level 2.3 Armour
 - Level 2.4 Dodging
 - Level 1.5 Stealth
 * Level 2.0 Shields


You had 4 spell levels left.
You didn't know any spells.
Your spell library was empty.

Dungeon Overview and Level Annotations

Branches:
Dungeon (3/15)

Altars:
Kikubaaqudgha
Wu Jian
The Shining One


Innate Abilities, Weirdness & Mutations

You do not eat or drink.
Your flesh is vulnerable to fire.
You are immune to poison.
Your flesh is cold resistant. (rC+)
You are immune to negative energy. (rN+++)
You are immune to unholy pain and torment.
You can survive without breathing.


Message History

You hit the ogre.
The ogre is moderately wounded.
The ogre hits you with a +0 giant club!
Your plate armour prevents you from hitting the ogre.
The ogre is moderately wounded.
You block the ogre's attack.
You hit the ogre.
The ogre is moderately wounded.
The ogre hits you with a +0 giant club!
You hit the ogre.
The ogre is heavily wounded.
The ogre hits you but does no damage.
You hit the ogre.
The ogre is heavily wounded.
The ogre hits you with a +0 giant club!
* * * LOW HITPOINT WARNING * * *
You hit the ogre.
The ogre is severely wounded.
The ogre hits you with a +0 giant club.
You die...

#.†....!...##
#.#.#.#......
#.#......##
#.###(#.##
#####.###.#.#
<......)..#.#
##.##.##.†#.# .
...##....####...)
... #..#@O.......
... #.#######..).
## #... . ....#
###..# #... #.#


You could see an ogre.

Vanquished Creatures
  A bullfrog skeleton (D:3)
  A centaur skeleton (D:4)
  2 worker ants (D:4)
  3 adders
  2 worms
  2 dart slugs
  2 orcs
  4 giant cockroaches
  2 goblins (D:1)
  A hobgoblin (D:3)
  4 jackals (D:1)
  2 quokkas
  A ball python (D:1)
  7 bats
  2 frilled lizards
  A kobold (D:3)
  5 rats
42 creatures vanquished.

Notes
Turn   | Place    | Note
-------+----------+-------------------------------------------
     0 | D:1      | Arixos the Mummy Monk began the quest for the Orb.
     0 | D:1      | Reached XP level 1. HP: 18/18 MP: 1/1
   761 | D:1      | Reached XP level 2. HP: 23/24 MP: 2/2
   783 | D:1      | Reached skill level 1 in Armour
  1002 | D:2      | Reached XP level 3. HP: 30/30 MP: 3/3
  1072 | D:2      | Found a glowing golden altar of the Shining One.
  1350 | D:2      | Found an ancient bone altar of Kikubaaqudgha.
  1398 | D:3      | Reached skill level 4 in Fighting
  1398 | D:3      | Reached skill level 1 in Shields
  1398 | D:3      | Reached XP level 4. HP: 27/37 MP: 4/4
  1690 | D:3      | Found an ornate altar of the Wu Jian Council.
  1695 | D:3      | Became a worshipper of the Wu Jian Council
  1695 | D:3      | Reached * piety under Wu Jian
  1695 | D:3      | Reached ** piety under Wu Jian
  1703 | D:3      | You fall into a shaft and drop 1 floor!
  1732 | D:4      | Reached XP level 5. HP: 26/42 MP: 5/5
  1862 | D:4      | Noticed an ogre
  1872 | D:4      | Slain by an ogre

Levels and vault maps discovered:
D:1:      shiori_arrival_maze, layout_basic, chequers_serial_rivers_marsh
D:2:      layout_rooms, lemuel_zombie_altar_kikubaaqudgha,
          overflow_temple_1_default, first_ration
D:3:      layout_rooms, lemuel_doored_altar, yredelemnul_altar_generic
D:4:      layout_loops_cross

Skill      XL: |  1  2  3  4  5 |
---------------+----------------+-----
Armour         | 1 2 |  2.3
Fighting       | 4 |  4.3
Shields        | 1 2 |  2.0
Polearms       | |  2.4
Dodging        | |  2.4
Stealth        | |  1.5

Action                   |  1- 3 |  4- 6 || total
-------------------------+-------+-------++-------
Melee: Spear             |    77 |       ||    77
       Hand axe          |    45 |    69 ||   114
Invok: Whirlwind         |       |     3 ||     3
       Lunge             |       |     1 ||     1
Armor: Plate armour      |   112 |    27 ||   139
       Scale mail        |     9 |       ||     9
Dodge: Dodged            |    30 |    15 ||    45
Block: Buckler           |     3 |    15 ||    18

Table legend:
 A = Non-vault XP
 B = Vault XP
 C = Vault XP percentage of total XP
 D = Non-vault monster count
 E = Vault monster count
 F = Vault count percentage of total count
                 A         B        C        D         E       F
            +---------+---------+-------+---------+---------+-------
      Total |     254 |       2 |   0.8 |      40 |       2 |   4.8
            +---------+---------+-------+---------+---------+-------
        D:1 |      34 |       2 |   5.6 |      13 |       2 |  13.3
        D:2 |      49 |       0 |   0.0 |      13 |       0 |   0.0
        D:3 |      57 |       0 |   0.0 |       9 |       0 |   0.0
        D:4 |     114 |       0 |   0.0 |       5 |       0 |   0.0
            +---------+---------+-------+---------+---------+-------
